 Dungeon Crawl Stone Soup version 0.27.1-1-g398f81649c (webtiles) character file.

Game seed: 3202642877376497582

2132 pkoi the Cleaver (level 9, -6/81 HPs)
             Began as a Minotaur Monk on Sept 20, 2021.
             Was an Initiate of Gozag.
             Killed from afar by an electric eel (13 damage)
             ... with a bolt of electricity
             ... on level 7 of the Dungeon.
             The game lasted 00:07:01 (6161 turns).

pkoi the Cleaver (Minotaur Monk)                    Turns: 6161, Time: 00:07:01

Health: -6/81      AC: 14    Str: 19    XL:     9   Next: 9%
Magic:  2/2        EV:  8    Int:  7    God:    Gozag
Gold:   1013       SH:  0    Dex: 13    Spells: 7/8 levels left

rFire    . . .     SeeInvis .   d - +1 hand axe (antimagic)
rCold    . . .     Faith    .   (no shield)
rNeg     . . .     Spirit   .   t - +0 chain mail
rPois    .         Reflect  .   (helmet restricted)
rElec    .         Harm     .   i - +0 cloak
rCorr    .         Rampage  .   f - +1 pair of gloves
Will     .....                  (no boots)
Stlth    ..........             g - amulet of regeneration
HPRegen  1.23/turn              (no ring)
MPRegen  0.08/turn              (no ring)

@: no status effects
A: horns 2, retaliatory headbutt
a: Renounce Religion, Potion Petition, Call Merchant, Bribe Branch


You were on level 7 of the Dungeon.
You worshipped Gozag.
Gozag was most pleased with you.
You visited 2 branches of the dungeon, and saw 8 of its levels.
You also visited: Sewer.

You collected 1013 gold pieces.

Inventory:

Hand Weapons
 a - a +0 hand axe
 d - a +1 antimagic hand axe (weapon)
Missiles
 h - 9 poisoned darts (quivered)
 r - 3 javelins
Armour
 f - a +1 pair of gloves (worn)
 i - a +0 cloak (worn)
 t - a +0 chain mail (worn)
Jewellery
 g - an amulet of regeneration (around neck)
 l - a ring of ice
Wands
 p - a wand of paralysis (9)
 s - a wand of mindburst (6)
Scrolls
 b - a scroll of teleportation
 c - 4 scrolls of identify
 q - a scroll of enchant weapon
Potions
 e - 2 potions of resistance
 j - 2 potions of heal wounds
 m - 2 potions of haste


   Skills:
 + Level 8.0 Fighting
 * Level 10.7 Axes
 + Level 7.0 Armour
 - Level 3.2 Dodging
 - Level 1.5 Stealth


You had 7 spell levels left.
You knew the following spells:

 Your Spells              Type           Power      Damage    Failure   Level
a - Apportation           Tloc           0%         N/A       99%         1

Your spell library contained the following spells:

 Spells                   Type           Power      Damage    Failure   Level
 Animate Skeleton         Necr           0%         N/A       99%         1
 Corona                   Hex            0%         N/A       99%         1
 Summon Small Mammal      Summ           0%         N/A       99%         1
 Passwall                 Tmut/Erth      0%         N/A       100%        2
 Call Canine Familiar     Summ           0%         N/A       100%        3
 Portal Projectile        Hex/Tloc       0%         N/A       100%        3
 Swiftness                Air            0%         N/A       100%        3
 Tukima's Dance           Hex            0%         N/A       100%        3
 Leda's Liquefaction      Hex/Erth       0%         N/A       100%        4
 Passage of Golubria      Tloc           N/A        N/A       100%        4
 Yara's Violent Unravell  Hex/Tmut       0%         3d3       100%        5
 Invisibility             Hex            0%         N/A       100%        6


Dungeon Overview and Level Annotations

Branches:
Dungeon (7/15)             Temple (1/1) D:6           Sewer (visited)

Altars:
Ashenzari
Dithmenos
Elyvilon
Fedhas
Gozag
Hepliaklqana
Kikubaaqudgha
Makhleb
Nemelex Xobeh
Okawaru
Qazlal
Ru
Sif Muna
Trog
Uskayaw
Vehumet
Wu Jian
Yredelemnul
Zin
The Shining One

Annotations:
D:3 2 transporters, Nashmann71's ghost, amateur OgBe


Innate Abilities, Weirdness & Mutations

You have a pair of horns on your head.
You reflexively headbutt those who attack you in melee.


Message History

The electric eel shoots out a bolt of lightning at you!
The bolt of electricity hits you.
The electric eel shoots out a bolt of lightning at you!
The bolt of electricity hits you!
The electric eel shoots out a bolt of lightning at you!
The bolt of electricity hits you!
A nearby plant withers and dies.
The electric eel shoots out a bolt of lightning at you!
The bolt of electricity hits the plant.
The plant begins to die.
The bolt of electricity hits the plant!
The plant begins to die.
The bolt of electricity hits you!
You closely miss the electric eel. You hit the plant but do no damage.
Unknown command.
You hit the electric eel.
The electric eel is moderately wounded.
You hit the plant.
The plant begins to die.
The electric eel shoots out a bolt of lightning at you!
The bolt of electricity hits the plant! x2; The bolt of electricity hits you.
* * * LOW HITPOINT WARNING * * *
The electric eel shoots out a bolt of lightning at you!
The bolt of electricity hits you!
* * * LOW HITPOINT WARNING * * *
Unknown command.
You barely miss the electric eel.
The electric eel is moderately wounded.
You slash the plant!
Unknown command.
Unknown command.
The electric eel shoots out a bolt of lightning at you!
The bolt of electricity hits you!
* * * LOW HITPOINT WARNING * * *
A nearby plant withers and dies. x2
The electric eel shoots out a bolt of lightning at you!
The bolt of electricity hits you!
* * * LOW HITPOINT WARNING * * *
A nearby plant withers and dies.
The electric eel shoots out a bolt of lightning at you!
The bolt of electricity hits you!
You die...
Your body crumbles into a pile of gold.

≈P≈.....PP.≈.≈≈≈.
$≈≈..≈≈≈P.≈≈≈≈≈≈≈≈≈
P≈≈≈≈≈≈≈≈≈≈≈≈≈≈≈≈≈
≈≈≈≈≈≈≈≈≈≈≈≈≈≈≈≈≈≈
≈≈≈≈≈≈.≈;.≈≈≈P≈≈..
≈;≈≈≈≈≈≈;.......P≈.≈..
(≈(($.≈..............
≈.......).......##.#
....###.....@..#
.#..###........#
.#...##..###.### ##.
#.##<.#○...○# # ...
#)....#.....#.# . #.#
##(......._....#
.##.###.[..###.....###
..#.#.).#..###≈...°#
#...#.###...####.###


You could see 2 electric eels.

Vanquished Creatures
  Joseph (D:6)
  Sigmund (D:5)
  A water moccasin (D:6)
  2 orc warriors
  Purgy (Sewer)
  2 ogres
  A black bear (D:6)
  3 ice beasts
  A centaur (D:7)
  A bullfrog (D:7)
  A wyvern zombie (D:6)
  An electric eel (D:7)
  A centaur zombie (D:7)
  2 orc priests
  A hound (D:4)
  2 bullfrog skeletons
  An iguana (D:4)
  Natasha (thrice) (D:3)
  A hound zombie (D:5)
  A hound skeleton (D:4)
  7 adders
  2 worms (D:2)
  3 dart slugs
  14 orcs
  5 ball pythons
  6 endoplasms
  9 giant cockroaches
  5 goblins
  9 hobgoblins
  16 jackals
  7 bats
  3 frilled lizards
  14 kobolds
  8 rats
136 creatures vanquished.

Vanquished Creatures (others)
  An orc (D:7)
  6 plants (D:7)
7 creatures vanquished.

Grand Total: 143 creatures vanquished

Notes
Turn   | Place    | Note
-------+----------+-------------------------------------------
     0 | D:1      | pkoi the Minotaur Monk began the quest for the Orb.
     0 | D:1      | Reached XP level 1. HP: 19/19 MP: 0/0
    58 | D:1      | Reached skill level 4 in Axes
    69 | D:1      | Reached XP level 2. HP: 16/27 MP: 1/1
    70 | D:1      | Reached skill level 1 in Armour
   552 | D:1      | Reached XP level 3. HP: 28/33 MP: 0/2
  1384 | D:2      | Reached XP level 4. HP: 41/41 MP: 1/3
  1449 | D:2      | Reached skill level 5 in Axes
  1510 | D:2      | Found a faded altar of an unknown god.
  1542 | D:2      | Became a worshipper of Gozag Ym Sagoz the Greedy
  1710 | D:3      | Identified the +3 dire flail of a sewer {venom, +Blink rC+}
  1710 | D:3      | Noticed an ogre
  1711 | D:3      | Found a transporter.
  1711 | D:3      | Noticed an ogre
  1711 | D:3      | Noticed Nashmann71's ghost (amateur OgBe)
  2038 | D:3      | Noticed Natasha
  2052 | D:3      | Killed Natasha
  2053 | D:3      | Reached XP level 5. HP: 47/47 MP: 1/4
  2084 | D:3      | Noticed an ogre
  2243 | D:3      | Noticed Natasha
  2249 | D:3      | Killed Natasha
  2353 | D:3      | Found a transporter.
  2582 | D:4      | Reached skill level 5 in Fighting
  2582 | D:4      | Reached skill level 6 in Axes
  3001 | D:4      | Noticed an ice beast
  3012 | D:4      | Killed an ice beast
  3013 | D:4      | Reached XP level 6. HP: 55/56 MP: 1/5
  3165 | D:3      | Noticed Natasha
  3173 | D:3      | Killed Natasha
  3546 | D:4      | Reached skill level 7 in Axes
  3775 | D:5      | Entered Level 5 of the Dungeon
  3992 | D:5      | Found a glowing drain.
  4008 | Sewer    | Entered a sewer
  4065 | Sewer    | Noticed Purgy
  4088 | Sewer    | Killed Purgy
  4089 | Sewer    | Reached XP level 7. HP: 45/62 MP: 2/6
  4250 | D:5      | Learned a level 1 spell: Apportation
  4306 | D:5      | Found a bloodstained altar of Trog.
  4549 | D:5      | Noticed Sigmund
  4566 | D:5      | Killed Sigmund
  4567 | D:5      | Reached skill level 8 in Axes
  4910 | D:6      | Reached skill level 5 in Armour
  4937 | D:5      | Reached XP level 8. HP: 53/71 MP: 2/7
  5009 | D:6      | Reached skill level 9 in Axes
  5473 | D:6      | Found a staircase to the Ecumenical Temple.
  5503 | Temple   | Entered the Ecumenical Temple
  5733 | D:7      | Found a stormy altar of Qazlal.
  5841 | D:7      | Reached skill level 10 in Axes
  6070 | D:7      | Noticed Joseph
  6113 | D:6      | Killed Joseph
  6114 | D:6      | Reached XP level 9. HP: 54/81 MP: 2/8
  6161 | D:7      | Killed from afar by an electric eel

Illustrated notes

Levels and vault maps discovered:
D:1:      wander_arrival_desolate, layout_basic
D:2:      layout_basic, chequers_ecumenical_altar_grove,
          chequers_serial_rivers_micro_c
D:3:      layout_loops_corners, gammafunk_ghost_smash, uniq_natasha
D:4:      layout_layer_cave
D:5:      layout_basic, amcnicky_altar_gilded, portal_sewer_entry_d,
          uniq_sigmund
D:6:      layout_rooms, minmay_temple_entry_gardened_gates,
          small_statue_intersection
D:7:      layout_rooms, grunt_qazlal_clouds, chequers_big_river, uniq_joseph
Temple:   eino_narrow_crystal_temple

Skill      XL: |  1  2  3  4  5  6  7  8 |
---------------+-------------------------+-----
Axes           | 4 5 6 7 8 10 | 10.7
Armour         | 1 2 3 4 5 7 |  7.0
Fighting       | 4 5 6 8 |  8.0
Dodging        | |  3.2
Stealth        | |  1.5

Action                   |  1- 3 |  4- 6 |  7- 9 || total
-------------------------+-------+-------+-------++-------
Melee: Hand axe          |    88 |   171 |   150 ||   409
       Headbutt          |    11 |    35 |    24 ||    70
Throw: Dart              |       |       |    11 ||    11
  Use: Scroll            |     3 |     7 |     4 ||    14
       Potion            |       |     2 |       ||     2
 Stab: Sleeping          |     5 |     9 |     2 ||    16
       Distracted        |       |     1 |     2 ||     3
Armor: Robe              |    19 |    32 |    13 ||    64
       Chain mail        |       |       |    57 ||    57
Dodge: Dodged            |    85 |   105 |    82 ||   272
